 Dungeon Crawl Stone Soup version 0.28-a0-381-g937acc2988 (webtiles) character file.

Game seed: 12130744576797175058

44 Demosthentine the Poker (level 3, 0/28 HPs)
             Began as a Merfolk Gladiator on Sept 2, 2021.
             Slain by an adder (4 damage)
             ... on level 2 of the Dungeon.
             The game lasted 00:01:10 (2083 turns).

Demosthentine the Poker (Merfolk Gladiator)         Turns: 2083, Time: 00:01:11

Health: 0/28       AC:  4    Str: 15    XL:     3   Next: 60%
Magic:  3/3        EV: 13    Int:  7    God:
Gold:   74         SH:  0    Dex: 15    Spells: 2/2 levels left

rFire   . . .      SeeInvis .   a - +0 trident
rCold   . . .      Faith    .   (no shield)
rNeg    . . .      Spirit   .   b - +0 leather armour
rPois   .          Reflect  .   c - +0 helmet
rElec   .          Harm     .   (no cloak)
rCorr   .          Rampage  .   (no gloves)
Will    .....                   (no boots)
Stlth   +.........              (no amulet)
HPRegen 0.09/turn               (no ring)
MPRegen 0.08/turn               (no ring)

@: lethally poisoned (0 -> -2), attractive, flying
A: (nimble swimmer 2), mertail
a: no special abilities


You were on level 2 of the Dungeon.
You visited 1 branch of the dungeon, and saw 2 of its levels.

You collected 74 gold pieces.

Inventory:

Hand Weapons
 a - a +0 trident (weapon)
Missiles
 d - 3 throwing nets (quivered)
Armour
 b - a +0 leather armour (worn)
 c - a +0 helmet (worn)
Scrolls
 h - a scroll of amnesia {unknown}
 l - a scroll of summoning {unknown}
Potions
 g - a potion of magic {unknown}
 i - a potion of berserk rage {unknown}
 j - a potion of curing {unknown}
 k - a potion of might {unknown}


   Skills:
 + Level 2.8 Fighting
 + Level 5.0 Polearms
 - Level 2.0 Throwing
 + Level 0.9 Armour
 + Level 4.5 Dodging


You had 2 spell levels left.
You didn't know any spells.
Your spell library contained the following spells:

 Spells                   Type           Power      Damage    Failure   Level
 Ignite Poison            Fire/Tmut/Pois 0%         N/A       86%         3
 Mephitic Cloud           Conj/Pois/Air  0%         N/A       86%         3
 Ozocubu's Armour         Ice            0%         N/A       86%         3
 Bolt of Magma            Conj/Fire/Erth 0%         4d4       100%        5
 Metabolic Englaciation   Hex/Ice        0%         N/A       100%        5
 Simulacrum               Ice/Necr       0%         N/A       100%        6


Dungeon Overview and Level Annotations

Branches:
Dungeon (2/15)

Altars:
Dithmenos


Innate Abilities, Weirdness & Mutations

((You are quick and stealthy near water. (Stealth+, EV+, Speed+++)))
Your lower body shifts to a powerful aquatic tail in water.


Message History

The adder poisons you!
There are monsters nearby!
You miss the adder.
The adder is moderately wounded.
You feel sick. The adder bites you. The frilled lizard closely misses you.
There are monsters nearby!
You closely miss the adder.
The adder is moderately wounded.
You feel sick. The adder bites you.
You are more poisoned.
The adder poisons you! The frilled lizard bites you.
The adder closely misses you.
You barely miss the adder.
The adder is moderately wounded.
You feel sick. The frilled lizard misses you. The adder bites you.
You are more poisoned.
The adder poisons you!
You closely miss the adder.
The adder is moderately wounded.
You feel very sick. The adder barely misses you.
The frilled lizard bites you but does no damage.
You feel very sick. The frilled lizard closely misses you.
The adder barely misses you.
You feel sick.
You puncture the frilled lizard!
You kill the frilled lizard!
* * * LOW HITPOINT WARNING * * *
You feel sick. The adder closely misses you.
You hit the adder.
The adder is severely wounded.
You feel sick. The adder bites you but does no damage.
It was a potion of attraction.
You feel attractive to monsters.
You feel sick. The adder misses you.
It was a potion of flight.
You feel very buoyant.
You fly up into the air.
You feel sick. The adder barely misses you. The adder bites you.
You die...

# #.#.# # #.#.#
##### #########
#.#.# ....#
#.......# #(#.#
....# #.......#
#.#.# ..<.#
#.......# #.#.####
....# #.......#
#.#....## .....
........###...##..#
.....
........S@........#
#####
##.#############..#
#.## #.# #.# .# #.#
.# ..# ##


You could see an adder.

Vanquished Creatures
  2 dart slugs
  A bat (D:1)
  7 endoplasms
  A giant cockroach (D:1)
  2 goblins
  3 hobgoblins (D:1)
  A quokka (D:1)
  6 ball pythons
  5 frilled lizards
  4 kobolds (D:1)
  5 rats
37 creatures vanquished.

Vanquished Creatures (others)
  3 plants (D:1)
  A withered plant (D:1)
4 creatures vanquished.

Grand Total: 41 creatures vanquished

Notes
Turn   | Place    | Note
-------+----------+-------------------------------------------
     0 | D:1      | Demosthentine the Merfolk Gladiator began the quest for the
                  | Orb.
     0 | D:1      | Reached XP level 1. HP: 16/16 MP: 1/1
    53 | D:1      | Reached XP level 2. HP: 11/23 MP: 2/2
   647 | D:1      | Found a faded altar of an unknown god.
   949 | D:1      | Reached XP level 3. HP: 28/28 MP: 3/3
  1698 | D:2      | Reached skill level 5 in Polearms
  1912 | D:2      | Found a shadowy altar of Dithmenos.
  2083 | D:2      | Slain by an adder

Illustrated notes

Levels and vault maps discovered:
D:1:      dpeg_arrival_central, layout_loops_ring,
          shapermc_ecumenical_altar_flowoftime
D:2:      layout_basic, basic_altar, roderic_lattice_a, minmay_domino_2

Skill      XL: |  1  2  3 |
---------------+----------+-----
Polearms       | 5 |  5.0
Fighting       | |  2.8
Throwing       | |  2.0
Armour         | |  0.9
Dodging        | |  4.5

Action                   || total
-------------------------++-------
Melee: Trident           ||   141
  Use: Scroll            ||     2
       Potion            ||     2
 Stab: Sleeping          ||     5
       Distracted        ||     1
Armor: Leather armour    ||    21
Dodge: Dodged            ||    62

Table legend: (Time is in decaauts)
 A = Elapsed time spent in this place.
 B = Non-inter-level travel time spent in this place.
 C = Inter-level travel time spent in this place.
 D = Time resting spent in this place.
 E = Time spent auto-exploring this place.
 F = Levels seen in this place.
 G = Mean time per level.
                   A        B        C        D        E       F      G
               +--------+--------+--------+--------+--------+-----+--------+
         Total |   2090 |   2090 |      0 |      0 |   1804 |   2 | 1045.0 |
       Dungeon |   2090 |   2090 |      0 |      0 |   1804 |   2 | 1045.0 |
               +--------+--------+--------+--------+--------+-----+--------+

Top non-repeatable levels by time:
     D:1: 1498 daAuts
     D:2: 592 daAuts
